 Dungeon Crawl Stone Soup version 0.24.0-123-gd5b16e6ec5 (webtiles) character file.

Game seed: 14290002944732545996, levelgen mode: deterministic

147 sagitran the Shield-Bearer (level 5, -1/42 HPs)
             Began as a Formicid Fighter on Dec 22, 2019.
             Slain by an orc warrior
             ... wielding a +0 trident
              (15 damage)
             ... on level 5 of the Dungeon.
             The game lasted 00:08:29 (1434 turns).

sagitran the Shield-Bearer (Formicid Fighter)       Turns: 1434, Time: 00:08:29

Health: -1/42      AC:  7    Str: 22    XL:     5   Next: 54%
Magic:  5/5        EV:  8    Int:  7    God:
Gold:   175        SH: 10    Dex: 10    Spells: 4/4 levels left

rFire    . . .     SeeInvis +   a - +0 long sword
rCold    . . .     Gourm    .   c - +0 shield
rNeg     . . .     Faith    .   b - +0 scale mail
rPois    .         Spirit   .   (helmet unavailable)
rElec    .         Reflect  .   (no cloak)
rCorr    .         Harm     .   (no gloves)
MR       .....                  (no boots)
Stlth    ..........             (no amulet)
HPRegen  0.14/turn              (no ring)
MPRegen  0.09/turn              (no ring)

@: no status effects
A: permanent stasis, dig shafts and tunnels, four strong arms, antennae 3
a: Dig, Shaft Self


You were on level 5 of the Dungeon.
You were not hungry.

You visited 1 branch of the dungeon, and saw 5 of its levels.

You collected 175 gold pieces.

Inventory:

Hand Weapons
 a - a +0 long sword (weapon)
Armour
 b - a +0 scale mail (worn)
 c - a +0 shield (worn)
Jewellery
 r - a +2 ring of strength {unknown}
Wands
 g - a wand of iceblast (8)
Scrolls
 e - a scroll of fog {unknown}
 h - 2 scrolls of identify {unknown}
 i - a scroll of enchant weapon {unknown}
 k - 2 scrolls of remove curse {unknown}
 l - a scroll of blinking {unknown}
 o - a scroll of enchant armour {unknown}
 p - a scroll of amnesia {unknown}
Potions
 d - a potion of might
 j - a potion of flight {unknown}
 m - a potion of resistance {unknown}
 n - a potion of curing {unknown}
 q - a potion of berserk rage {unknown}
Comestibles
 f - 7 rations


   Skills:
 + Level 3.9 Fighting
 + Level 3.5 Long Blades
 + Level 4.1 Armour
 + Level 0.4 Dodging
 + Level 4.6 Shields


You had 4 spell levels left.
You didn't know any spells.
Your spell library was empty.

Dungeon Overview and Level Annotations

Branches:
Dungeon (4/15)
 Temple: D:4-7

Altars:
Okawaru
The Shining One


Innate Abilities, Weirdness & Mutations

You cannot be hasted, slowed, berserked, paralysed or teleported.
You can dig through walls and to a lower floor.
Your four strong arms can wield two-handed weapons with a shield.
You have a pair of large antennae on your head. (SInv)


Message History

You kill the orc wizard!
Things that are here:
a +0 dagger; a +0 robe
g - a wand of iceblast (8)
You see here 16 stones.
You now have 163 gold pieces (gained 17).
You now have 175 gold pieces (gained 12).
You eat one of the 8 rations.
That ration really hit the spot!
You extend your mandibles.
You dig through the rock wall.
An orc warrior comes into view. It is wielding a +0 trident.
The orc warrior hits you with a +0 trident!
You retract your mandibles.
You closely miss the orc warrior. You block the orc warrior's attack.
You completely miss the orc warrior. You block the orc warrior's attack.
You hit the orc warrior but do no damage.
The orc warrior hits you with a +0 trident!
You closely miss the orc warrior.
The orc warrior hits you with a +0 trident!
You die...

##.# ##
#..###.#
###(.)#.# #
##...##)## .##.
#8#....#.#
.....#.|..8)###
.........(...#
#....#..###..#
.... #.#@#.#..#
. ###o## #....
... ##..# .....
..# ...#### ##
####


You could see an orc warrior.

Vanquished Creatures
  An orc priest (D:5)
  An orc wizard (D:5)
  3 adders
  An ooze (D:1)
  3 dart slugs
  4 orcs (D:5)
  3 bats
  A giant cockroach (D:1)
  6 goblins
  5 hobgoblins
  9 kobolds
  6 frilled lizards
  9 rats
52 creatures vanquished.

Notes
Turn   | Place    | Note
-------+----------+-------------------------------------------
     0 | D:1      | sagitran the Formicid Fighter began the quest for the Orb.
     0 | D:1      | Reached XP level 1. HP: 18/18 MP: 1/1
    72 | D:1      | Reached XP level 2. HP: 20/24 MP: 2/2
   186 | D:1      | Found a glowing golden altar of the Shining One.
   244 | D:1      | Reached XP level 3. HP: 29/29 MP: 3/3
   602 | D:2      | Found a faded altar of an unknown god.
   633 | D:2      | Found an iron altar of Okawaru.
   636 | D:2      | Reached XP level 4. HP: 35/36 MP: 4/4
  1324 | D:3      | Noticed an ogre
  1381 | D:4      | You fall into a shaft and drop 1 floor!
  1381 | D:5      | Entered Level 5 of the Dungeon
  1388 | D:5      | Reached XP level 5. HP: 20/42 MP: 5/5
  1430 | D:5      | Noticed an orc warrior
  1434 | D:5      | Slain by an orc warrior

Levels and vault maps discovered:
D:1:      grunt_arrival_crossed_arrows, layout_loops_ring, tso_altar
D:2:      cheibrodos_helix_gallery, layout_basic, overflow_temple_1_default,
          chequers_ecumenical_altar_simple, hangedman_decor_points
D:3:      layout_basic, vehumet_crystals, uniq_grinder
D:4:      layout_gridville, marbit_many_paths, serial_shops,
          nicolae_shop_behind_doors, uniq_natasha, uniq_blork_the_orc
D:5:      layout_rooms, temple_pool_b, first_ration, guppyfry_early_orc_mine

Skill      XL: |  1  2  3  4 |
---------------+-------------+-----
Shields        | 4 |  4.6
Armour         | 4 |  4.1
Long Blades    | 3 |  3.5
Fighting       | |  3.9
Dodging        | |  0.4

Action                   |  1- 3 |  4- 6 || total
-------------------------+-------+-------++-------
Melee: Long sword        |   101 |    84 ||   185
 Abil: Dig               |     2 |     5 ||     7
       Shaft Self        |       |     2 ||     2
  Use: Potion            |       |     2 ||     2
  Eat: Chunk             |       |     2 ||     2
       Ration            |       |     1 ||     1
Armor: Scale mail        |    44 |    32 ||    76
Dodge: Dodged            |    35 |    31 ||    66
Block: Shield            |    61 |    59 ||   120
       Rpst.: Long sword |     9 |    10 ||    19
